 Dungeon Crawl Stone Soup version 0.30.0-17-ge0270778cf (webtiles) character file.

Game seed: 15751236941817363556

2867 howech the Cruncher (level 9, -9/75 HPs)
             Began as a Minotaur Gladiator on May 20, 2023.
             Was a Believer of Cheibriados.
             Mangled by an orc warrior
             ... wielding a +0 halberd
              (17 damage)
             ... in a bailey on May 21, 2023.
             The game lasted 00:27:55 (7482 turns).

howech the Cruncher (Minotaur Gladiator)            Turns: 7482, Time: 00:27:56

Health: -9/75      AC: 12    Str: 21 (24) XL:     9   Next: 47%
Magic:  11/11      EV: 10    Int: 10 (13) God:    Cheibriados [**....]
Gold:   321        SH:  5    Dex: 13 (15) Spells: 12/13 levels left

rFire   . . .        a - +1 quarterstaff
rCold   . . .        (shield currently unavailable)
rNeg    . . .        h - +0 chain mail
rPois   .            c - +1 hat
rElec   .            (no cloak)
rCorr   .            v - +0 pair of gloves
SInv    .            (no boots)
Will    .....        p - amulet of reflection Stlth
                     (no ring)
HPRegen 0.32/turn    (no ring)
MPRegen 0.12/turn

%: reflection
@: very slow
A: horns 2, retaliatory headbutt
a: Renounce Religion, Bend Time


You were in a bailey.
You worshipped Cheibriados.
Cheibriados was pleased with you.
You visited 2 branches of the dungeon, and saw 9 of its levels.
You also visited: Bailey.

You collected 321 gold pieces.

Inventory:

Hand Weapons
 a - a +1 quarterstaff (weapon)
 J - a +0 spear
Missiles
 e - a javelin
 F - 5 silver javelins (quivered)
 G - 12 poisoned darts
Armour
 b - a +0 leather armour
 c - a +1 hat (worn)
 h - a +0 chain mail (worn)
 v - a +0 pair of gloves (worn)
Jewellery
 g - an amulet of regeneration
 p - an amulet of reflection (around neck)
 r - a ring of fire
 u - a ring of positive energy
 B - a +6 ring of dexterity
Wands
 q - a wand of paralysis (10)
 x - a wand of flame (26)
 y - a wand of digging (5)
Scrolls
 i - 2 scrolls of amnesia
 j - 4 scrolls of magic mapping
 w - a scroll of enchant armour
 z - 2 scrolls of identify
 C - a scroll of brand weapon {unknown}
 D - 2 scrolls of blinking
 E - 2 scrolls of fog
 H - a scroll of teleportation
Potions
 f - 5 potions of mutation
 k - a potion of heal wounds {unknown}
 l - 2 potions of cancellation
 m - a potion of magic
 n - 4 potions of brilliance
 o - a potion of curing {unknown}
 s - a potion of might {unknown}
 t - a potion of flight {unknown}
 A - a potion of berserk rage {unknown}
 I - a potion of degeneration


   Skills:
 - Level 6.0 Fighting
 - Level 9.0 Staves
 - Level 5.0 Throwing
 + Level 5.7 Armour
 - Level 6.0 Dodging
 + Level 2.5 Spellcasting
 + Level 2.8 Translocations
 * Level 1.9 Invocations


You had 12 spell levels left.
You knew the following spells:

 Your Spells              Type           Power      Damage    Failure   Level
a - Apportation           Tloc           12%        N/A       52%         1

Your spell library contained the following spells:

 Spells                   Type           Power      Damage    Failure   Level
 Blink                    Tloc           12%        N/A       65%         2
 Lesser Beckoning         Tloc           12%        N/A       65%         2
 Momentum Strike          Conj/Tloc      8%         3d8       85%         2
 Necrotise                Necr           4%         1d4       88%         1
 Sandblast                Erth           2%         2d4       88%         1
 Slow                     Hex            4%         N/A       88%         1
 Summon Small Mammal      Summ           4%         N/A       88%         1
 Passwall                 Tmut/Erth      0%         N/A       96%         2
 Static Discharge         Conj/Air       2%         2-3/arc   96%         2
 Call Canine Familiar     Summ           1%         N/A       99%         3
 Confusing Touch          Hex            1%         N/A       99%         3
 Inner Flame              Hex/Fire       1%         N/A       99%         3
 Stone Arrow              Conj/Erth      2%         3d7       99%         3
 Summon Guardian Golem    Hex/Summ       1%         N/A       99%         3
 Vampiric Draining        Necr           1%         2d6       99%         3
 Airstrike                Air            0%         2d(1-17)  100%        4
 Flame Wave               Conj/Fire      1%         2d4       100%        4
 Sticky Flame             Conj/Fire      1%         2d3       100%        4
 Summon Lightning Spire   Summ/Air       1%         N/A       100%        4


Dungeon Overview and Level Annotations

Branches:
Dungeon (8/15)             Temple (1/1) D:6          Bailey (1/1)
   Lair: D:8-11

Altars:
Ashenzari
Cheibriados
Elyvilon
Fedhas
Gozag
Hepliaklqana
Makhleb
Nemelex Xobeh
Okawaru
Qazlal
Sif Muna
Trog
Uskayaw
Vehumet
Wu Jian
Xom
Yredelemnul
Zin
The Shining One

Annotations:
D:3 Natasha
D:4 2 transporters, esper6's ghost, weakling VSDe


Innate Abilities, Weirdness & Mutations

You have a pair of horns on your head.
You reflexively headbutt those who attack you in melee.


Message History

You kill the orc!
Cheibriados thoroughly appreciates the change of pace.
Unknown command.
The orc warrior hits you but does no damage.
The orc warrior hits you with a +0 halberd!
* * * LOW HITPOINT WARNING * * *
Items here: )))))) [[ ††.
Unknown command.
The orc warrior hits you but does no damage.
Okay, then.
Throw: throwing net
Press: ? - help, Shift-Dir - straight line, f - orc warrior
Aim: an orc warrior, wielding a +0 halberd and wearing a +0 scale mail (58% to hit)
You throw a throwing net.
The throwing net completely misses the orc warrior.
You block the orc warrior's attack.
Items here: )) [[.
You sock the orc warrior! Your headbutt misses the orc warrior.
The orc warrior is moderately wounded.
The orc warrior hits you with a +0 halberd.
* * * LOW HITPOINT WARNING * * *
You barely miss the orc warrior.
You headbutt the orc warrior, but do no damage.
The orc warrior is moderately wounded.
The orc warrior barely misses you. You furiously retaliate!
You headbutt the orc warrior. You barely miss the orc warrior.
The orc warrior is moderately wounded.
You barely miss the orc warrior.
The orc warrior is moderately wounded.
You block the orc warrior's attack.
Okay, then.
Okay, then.
Okay, then.
Okay, then.
It was a potion of degeneration.
There was something very wrong with that liquid.
You feel weakened.
You feel dopey.
You feel clumsy.
The orc warrior hits you with a +0 halberd!
You die...

..
###'###
##.....##
#.......#
#......
#..... .#
#(.#.# .#
#o##8##.#
#).#@#..#
#..o....#
#.......#
#∩.....∩#
#.......#
##..∩..##
#######


You could see an orc warrior.

Vanquished Creatures
  Sigmund (D:2)
  A wyvern (D:6)
  A steam dragon (D:8)
  Edmund (D:6)
  An ice beast (D:6)
  4 black bears
  An ogre (D:6)
  3 sky beasts
  2 centaurs (D:6)
  A phantom (D:5)
  3 kobold brigands
  3 scorpions
  3 howler monkeys (D:7)
  2 gnoll boudas
  2 jellies
  2 hounds
  3 iguanas
  A sleepcap (D:7)
  Jessica (D:2)
  2 orc wizards
  Natasha (twice) (D:3)
  14 gnolls
  6 adders
  2 shadow imps
  3 white imps (D:6)
  2 ufetubi (D:6)
  4 worms
  29 orcs
  11 endoplasms
  4 giant cockroaches
  9 goblins
  5 hobgoblins
  2 jackals (D:3)
  A quokka (D:4)
  5 ball pythons
  9 bats
  3 frilled lizards
  16 kobolds
  4 rats
169 creatures vanquished.

Notes
Turn   | Place    | Note
-------+----------+-------------------------------------------
     0 | D:1      | howech the Minotaur Gladiator began the quest for the Orb.
     0 | D:1      | Reached XP level 1. HP: 18/18 MP: 0/0
   143 | D:1      | Reached XP level 2. HP: 18/25 MP: 1/1
   346 | D:1      | Reached skill level 1 in Armour
   414 | D:1      | Reached skill level 4 in Staves
   554 | D:2      | Found a faded altar of an unknown god.
   582 | D:2      | Reached XP level 3. HP: 28/30 MP: 2/2
   842 | D:2      | Noticed Sigmund
   895 | D:2      | HP: 1/30 [something (6)]
   898 | D:2      | Killed Sigmund
   899 | D:2      | Reached skill level 5 in Staves
   899 | D:2      | Reached XP level 4. HP: 2/39 MP: 3/3
   899 | D:2      | Reached XP level 5. HP: 3/45 MP: 4/4
  1410 | D:2      | Noticed Jessica
  1418 | D:2      | Killed Jessica
  1779 | D:3      | Upgraded the game from 0.30.0-16-gbe6223bb7e to
                  | 0.30.0-17-ge0270778cf
  1840 | D:3      | Reached XP level 6. HP: 52/52 MP: 5/5
  2126 | D:3      | Learned a level 1 spell: Apportation
  2130 | D:3      | Noticed Natasha
  2154 | D:3      | Killed Natasha
  2170 | D:3      | Noticed Natasha
  2321 | D:3      | Killed Natasha
  2706 | D:3      | Noticed Natasha
  3090 | D:4      | Noticed esper6's ghost (weakling VSDe)
  3099 | D:4      | Found a transporter.
  3312 | D:4      | Found a transporter.
  3411 | D:4      | Reached skill level 6 in Staves
  3411 | D:4      | Reached XP level 7. HP: 48/59 MP: 6/6
  3652 | D:5      | Entered Level 5 of the Dungeon
  3770 | D:5      | Reached skill level 1 in Translocations
  3972 | D:5      | Reached skill level 1 in Spellcasting
  4192 | D:5      | Found a blossoming altar of Fedhas.
  4517 | D:5      | Found a burning altar of Makhleb.
  4517 | D:5      | Found a shimmering blue altar of Sif Muna.
  4517 | D:5      | Found a glowing golden altar of the Shining One.
  4623 | D:6      | Found a radiant altar of Vehumet.
  4641 | D:6      | Reached skill level 5 in Dodging
  4947 | D:6      | Reached skill level 7 in Staves
  4947 | D:6      | Reached XP level 8. HP: 52/67 MP: 8/8
  5262 | D:6      | Reached skill level 5 in Fighting
  5400 | D:6      | Found a staircase to the Ecumenical Temple.
  5462 | Temple   | Entered the Ecumenical Temple
  5481 | Temple   | Became a worshipper of Cheibriados the Contemplative
  5537 | D:6      | Noticed Edmund
  5543 | D:6      | Killed Edmund
  5577 | D:6      | Reached skill level 8 in Staves
  5906 | D:6      | Reached skill level 5 in Armour
  6199 | D:7      | Reached XP level 9. HP: 67/74 MP: 11/11
  6518 | D:7      | Reached * piety under Cheibriados
  6897 | D:7      | Reached skill level 1 in Invocations
  6953 | D:7      | Reached skill level 5 in Throwing
  7040 | D:7      | Found a stormy altar of Qazlal.
  7254 | D:7      | Found a hide-covered altar of Uskayaw.
  7254 | D:7      | Found an ornate altar of the Wu Jian Council.
  7255 | D:7      | Found a white marble altar of Elyvilon.
  7364 | D:8      | Reached skill level 9 in Staves
  7408 | D:8      | Found a flagged portal.
  7443 | Bailey   | Entered a bailey
  7469 | Bailey   | Reached ** piety under Cheibriados
  7482 | Bailey   | Mangled by an orc warrior

Illustrated notes

Levels and vault maps discovered:
D:1:      heliophobic_arrival_ceremonial_halls, layout_basic,
          kennysheep_another_room
D:2:      layout_basic, shapermc_ecumenical_altar_starsandcircs,
          grunt_decor_arrowhead, uniq_jessica, uniq_sigmund
D:3:      wad_crossroads, layout_basic, hangedman_decor_riveting,
          grunt_ministairs_2, corexii_item_surrounded_by_moat, uniq_natasha
D:4:      layout_basic, gammafunk_ghost_stat_death
D:5:      layout_basic, mainiacjoe_overflow_six_doors_small,
          chequers_temple_overflow_statue_of_worship
D:6:      minmay_angry_zag, layout_basic, vehumet_altar_wand_db,
          minmay_temple_entry_glass, grunt_ministairs_8, minmay_crystal_room,
          kennysheep_generic_room_3, uniq_edmund
D:7:      layout_cave_pools, gammafunk_temple_overflow_claw,
          nicolae_qazlal_eye_of_the_storm
D:8:      nicolae_hitomezashi [nicolae_hito_row, nicolae_hito_row,
          nicolae_hito_row, nicolae_hito_row, nicolae_hito_row,
          nicolae_hito_row, nicolae_hito_row, nicolae_hito_row,
          nicolae_hito_row, nicolae_hito_row, nicolae_hito_row,
          nicolae_hito_row, nicolae_hito_row, nicolae_hito_row,
          nicolae_hito_row, nicolae_hito_row, nicolae_hito_row,
          nicolae_hito_row], layout_basic, tgw_kikubaaqudgha,
          nicolae_dithmenos_the_darkroom, enter_bailey_5, uniq_amaemon
Temple:   hellmonk_temple_micro_hex
Bailey:   bailey_polearm_5, bailey

Skill      XL: |  1  2  3  4  5  6  7  8  9 |
---------------+----------------------------+-----
Armour         | 1 2 3 4 5 |  5.7
Staves         | 4 5 6 7 8 9 |  9.0
Fighting       | 3 4 5 6 |  6.0
Throwing       | 3 4 5 |  5.0
Dodging        | 4 5 6 |  6.0
Translocations | 1 2 |  2.8
Spellcasting   | 1 2 |  2.5
Invocations    | 1 |  1.9

Action                     |  1- 3 |  4- 6 |  7- 9 || total
---------------------------+-------+-------+-------++-------
  Melee: Quarterstaff      |    70 |   161 |   318 ||   549
         Headbutt          |     9 |    25 |    55 ||    89
  Throw: Throwing net      |     1 |     1 |     5 ||     7
         Javelin           |     1 |       |     4 ||     5
    Use: Scroll            |       |     7 |     9 ||    16
         Potion            |       |       |     1 ||     1
   Stab: Held in net/web   |       |       |     4 ||     4
 Armour: Leather armour    |     7 |       |       ||     7
         Chain mail        |    35 |    86 |   139 ||   260
  Dodge: Dodged            |    45 |    81 |   125 ||   251
  Block: Other             |       |    13 |    85 ||    98
         Reflection        |       |       |     6 ||     6
